 Dungeon Sprint DCSS version 0.19-a0-97-g21dea92 (webtiles) character file.

68765 Kidiri the Unseen (level 13, 0/68 HPs)
             Began as a Spriggan Enchanter on May 16, 2016.
             Was the Champion of Dithmenos.
             Killed by divine providence
             ... invoked by a deep elf high priest
              (9 damage)
             ... in the Dungeon (Sprint III: "The Ten Rune Challenge").
             The game lasted 00:34:35 (5188 turns).

Kidiri the Unseen (Spriggan Enchanter)              Turns: 5188, Time: 00:34:36

Health: 0/68       AC:  9    Str:  3      XL:     13   Next: 76%
Magic:  25/42      EV: 37    Int: 17 (18) God:    Dithmenos [******]
Gold:   2650       SH:  0    Dex: 23      Spells: 14 memorised, 3 levels left

rFire  . . .     SeeInvis +     a - +6 quick blade
rCold  + . .     Gourm    .     b - +2 robe {Archmagi}
rNeg   . . .     Faith    .     (shield restricted)
rPois  .         Spirit   .     w - +1 hat
rElec  .         Dismiss  .     (no cloak)
rCorr  .         Reflect  .     (gloves unavailable)
SustAt .         Harm     .     (boots unavailable)
MR     +++..     Clarity  +     (no amulet)
Stlth  ++++++++++ NoTele   +    z - ring of wizardry
                                x - ring of the Moon {*Drain rC+ MP+9 Dex+5}

@: wreathed by umbra, repel missiles, very quick, extremely resistant to hostile
enchantments, uncannily stealthy
A: unfitting armour, rough black scales 1, see invisible, clarity, deterioration
1, dopey 1, herbivore 3, speed 3, magic resistance 1, slow metabolism 2
a: Shadow Step, Shadow Form, Renounce Religion
}: 2/10 runes: serpentine, barnacled


You were in the Dungeon.
You worshipped Dithmenos.
Dithmenos was exalted by your worship.
You were not hungry.

You visited 1 branch You collected 5502 gold pieces.
You spent 2852 gold pieces at shops.

Inventory:

Hand Weapons
 a - a +6 quick blade (weapon)
 n - a +0 dagger of speed
 E - a +0 longbow
Missiles
 A - 29 arrows
Armour
 b - a +2 robe of the Archmagi (worn)
 t - a +1 robe of poison resistance
 w - a +1 hat (worn)
 C - a +1 robe of poison resistance
 D - a +1 robe of poison resistance
 F - a +0 chain mail of poison resistance
Jewellery
 x - the ring of the Moon (left hand) {*Drain rC+ MP+9 Dex+5}
   (You bought it in a shop in the Dungeon)

   [ring of magical power]

   It affects your dexterity (+5).
   It protects you from cold.
   It affects your magic capacity (+9).
   It causes draining when unequipped.
 y - an uncursed ring of flight
 z - a ring of wizardry (right hand)
Scrolls
 j - 2 scrolls of blinking
 m - 2 scrolls of holy word
 o - 2 scrolls of remove curse
 B - a scroll of silence {unknown}
Potions
 c - a potion of agility
 e - 2 potions of curing
 f - 2 potions of heal wounds
 g - 2 potions of haste
 h - 2 potions of magic
 i - 2 potions of berserk rage
 k - a potion of cancellation
 p - 3 potions of cure mutation
 r - 2 potions of flight
 u - 2 potions of resistance
 v - a potion of lignification
Miscellaneous
 l - a plain deck of wonders {drawn: 1}
Comestibles
 d - 2 bread rations
 q - 23 royal jellies
 s - 6 fruits


   Skills:
 + Level 8.0 Fighting
 * Level 14.5 Short Blades
 + Level 7.5 Armour
 * Level 18.2 Dodging
 * Level 19.5 Stealth
 * Level 15.8 Spellcasting
 + Level 7.0 Conjurations
 + Level 11.8 Hexes
 + Level 12.1 Charms
 + Level 6.4 Summonings
 + Level 12.1 Translocations
 + Level 7.7 Ice Magic
 + Level 7.6 Air Magic
 + Level 7.9 Poison Magic
 - Level 3.6 Invocations


You had 3 spell levels left.
You knew the following spells:

 Your Spells              Type           Power        Failure   Level  Hunger
a - Corona                Hex            ######.      1%          1    None
b - Ensorcelled Hibernat  Hex/Ice        ######       1%          2    None
c - Confuse               Hex            ######..     1%          3    None
d - Tukima's Dance        Hex            ######..     1%          3    None
e - Dazzling Spray        Conj/Hex       ######       1%          3    None
f - Apportation           Tloc           ######....   1%          1    None
g - Shroud of Golubria    Chrm/Tloc      ######....   1%          2    None
h - Passage of Golubria   Tloc           N/A          1%          4    None
i - Slow                  Hex            ######..     1%          2    None
j - Repel Missiles        Chrm/Air       ######       1%          2    None
k - Mephitic Cloud        Conj/Pois/Air  ######..     1%          3    None
l - Call Imp              Summ           ######..     1%          2    None
m - Bolt of Cold          Conj/Ice       ######....   16%         6    #####..
n - Freezing Cloud        Conj/Ice/Air   ######....   16%         6    #####..


Dungeon Overview and Level Annotations

Branches:
Dungeon (1/1)

Altars:
Cheibriados
Dithmenos
Elyvilon
Fedhas
Gozag
Kikubaaqudgha
Makhleb
Nemelex Xobeh
Okawaru
Pakellas
Qazlal
Ru
Sif Muna
Trog
Vehumet
Xom
Yredelemnul
Zin
The Shining One
Jiyva
Lugonu

Shops:
D }?[:%(=

Annotations:
D exclusion: 2 doors


Innate Abilities, Weirdness & Mutations

You are tiny and cannot use many weapons and most armour.
You have supernaturally acute eyesight.
You are a herbivore.
You cover ground extremely quickly.
You need consume almost no food.
You are partially covered in rough black scales (AC +4, Dex -1).
You possess an exceptional clarity of mind.
Your body sometimes deteriorates upon taking damage.
You are dopey. (Int -2)
You are resistant to hostile enchantments.


Message History

Press: ? - help, Shift-Dir - straight line, f/p - deep elf high priest
Aim: a deep elf high priest, wielding a broad axe of chopping, wearing a runed ring mail and wearing a twitching lapis lazuli ring (almost dead, blind, umbra)
You feel a surge of power!
The spray of energy misses the deep elf high priest.
The deep elf high priest mumbles some strange prayers to its god against you.
The damnation unfurls!
The damnation engulfs you!
* * * LOW HITPOINT WARNING * * *
You emit a cloud of dark smoke.
Unknown command.
Casting: Dazzling Spray
Confirm with . or Enter, or press ? or * to list all spells.
Aiming: Dazzling Spray
Press: ? - help, Shift-Dir - straight line, f/p - deep elf high priest
Aim: a deep elf high priest, wielding a broad axe of chopping, wearing a runed ring mail and wearing a twitching lapis lazuli ring (almost dead, blind, umbra)
You feel a surge of power! The spray of energy hits you!
* * * LOW HITPOINT WARNING * * *
You feel momentarily confused.
The deep elf high priest mumbles some strange prayers to its god against you.
Something smites you!
You die...

▓▓▓▓▓▓▓▓▓ # #:..#.#[####### ###
######∩##..'.#.§§# ...e
#..).......#..§§@##≈≈≈≈#
#..).....#.#.#.§§§§≈e...
#).)......##.#...##≈≈≈≈#
#))#...#..##.'...# ...'
#=####.#.#.####### ###
#'###########################
#..≈≈≈§§#.'((.'.#.#.#.+...≈≈#
#.#§§§#.#.#...##.#.#.##...≈≈###
'.#§§§#.#.#(..#.#.#.#.#...≈≈≈≈#


You could see a deep elf high priest (blind).

Vanquished Creatures
  Rupert (D)
  A deep elf master archer (D)
  Gastronok (D)
  Polyphemus (D)
  Maud (D)
  Ilsuiw (D)
  A greater naga (D)
  2 deep elf demonologists (D)
  2 dire elephants (D)
  A merfolk javelineer (D)
  Josephine (D)
  A deep elf high priest (D)
  2 hydras (D)
  A centaur warrior (D)
  3 anacondas (D)
  4 death yaks (D)
  2 unseen horrors (D)
  A sea snake (D)
  A spriggan druid (D)
  A death drake (D)
  A lindwurm (D)
  An orc knight (D)
  6 deep elf magi (D)
  2 orc sorcerers (D)
  2 elephants (D)
  5 black mambas (D)
  A guardian serpent (D)
  2 spiny frogs (D)
  A komodo dragon (D)
  A rime drake (D)
  A queen bee (D)
  3 wandering mushrooms (D)
  2 giant leeches (D)
  8 blink frogs (D)
  2 spriggans (D)
  A shadow (D)
  3 redbacks (D)
  A spatial vortex (D)
  A naga (D)
  5 water moccasins (D)
  2 orc warriors (D)
  A swamp drake (D)
  A necrophage (D)
  2 centaurs (D)
  An earth elemental (D)
  A water elemental (D)
  32 killer bees (D)
  An electric eel (D)
  A jelly (D)
  3 orc priests (D)
  Jessica (D)
  A necromancer (D)
  3 orc wizards (D)
  A wizard (D)
  3 sheep (D)
  3 humans (D)
  A kobold demonologist (D)
  An adder (D)
  A phantom (D)
  7 orcs (D)
  3 rats (D)
148 creatures vanquished.

Vanquished Creatures (collateral kills)
  A naga warrior (D)
  A naga (D)
2 creatures vanquished.

Vanquished Creatures (others)
  2 draconian scorchers (D)
  A yaktaur (D)
  3 dancing weapons (D)
6 creatures vanquished.

Grand Total: 156 creatures vanquished

Notes
Turn   | Place    | Note
--------------------------------------------------------------
     0 | D        | Kidiri the Spriggan Enchanter began the quest for the Orb.
     0 | D        | Reached XP level 1. HP: 9/9 MP: 5/5
    37 | D        | Noticed Jessica
    41 | D        | Killed a yaktaur
    43 | D        | Killed Jessica
    43 | D        | Reached skill level 1 in Fighting
    43 | D        | Reached skill level 1 in Armour
    43 | D        | Reached skill level 5 in Stealth
    43 | D        | Reached XP level 2. HP: 14/14 MP: 6/8
    47 | D        | Learned a level 2 spell: Ensorcelled Hibernation
   105 | D        | Reached XP level 3. HP: 18/18 MP: 9/9
   116 | D        | Learned a level 3 spell: Confuse
   120 | D        | Learned a level 3 spell: Dazzling Spray
   160 | D        | Reached skill level 6 in Stealth
   180 | D        | Gained mutation: Your body sometimes deteriorates upon taking damage. [potion of mutation]
   180 | D        | Gained mutation: You are resistant to hostile enchantments. [potion of mutation]
   180 | D        | Gained mutation: You are partially covered in rough black scales (AC +4, Dex -1). [potion of mutation]
   181 | D        | Gained mutation: Your spells are a little easier to cast, but a little less powerful. [potion of mutation]
   181 | D        | Lost mutation: Your spells are a little easier to cast, but a little less powerful. [potion of mutation]
   182 | D        | Killed a white draconian scorcher
   238 | D        | Noticed a water elemental
   240 | D        | Killed a water elemental
   240 | D        | Reached skill level 5 in Dodging
   240 | D        | Reached skill level 7 in Stealth
   240 | D        | Reached skill level 5 in Spellcasting
   240 | D        | Reached skill level 1 in Conjurations
   240 | D        | Reached skill level 1 in Ice Magic
   240 | D        | Reached XP level 4. HP: 23/23 MP: 10/12
   245 | D        | Learned a level 3 spell: Tukima's Dance
   257 | D        | Noticed a shadow
   259 | D        | Killed a shadow
   259 | D        | Reached skill level 5 in Short Blades
   259 | D        | Reached skill level 8 in Stealth
   259 | D        | Reached skill level 5 in Hexes
   259 | D        | Reached XP level 5. HP: 27/27 MP: 12/15
   262 | D        | Reached skill level 9 in Stealth
   262 | D        | Reached XP level 6. HP: 32/32 MP: 11/16
   285 | D        | Killed a white draconian scorcher
   290 | D        | Found an oddly glowing altar of Pakellas.
   290 | D        | Found a stormy altar of Qazlal.
   291 | D        | Found a sacrificial altar of Ru.
   291 | D        | Found a burning altar of Makhleb.
   291 | D        | Found a viscous altar of Jiyva.
   291 | D        | Found a shimmering altar of Xom.
   291 | D        | Found a shadowy altar of Dithmenos.
   291 | D        | Found a sparkling altar of Nemelex Xobeh.
   291 | D        | Found a corrupted altar of Lugonu.
   291 | D        | Found an opulent altar of Gozag.
   291 | D        | Noticed a spatial vortex
   295 | D        | Became a worshipper of Dithmenos the Shadowed
   332 | D        | Killed a spatial vortex
   332 | D        | Reached skill level 1 in Invocations
   442 | D        | Found a radiant altar of Vehumet.
   443 | D        | Found a deep blue altar of Sif Muna.
   443 | D        | Found an ancient bone altar of Kikubaaqudgha.
   453 | D        | Learned a level 1 spell: Apportation
   456 | D        | Learned a level 2 spell: Shroud of Golubria
   461 | D        | Learned a level 4 spell: Passage of Golubria
   504 | D        | Found a glowing silver altar of Zin.
   505 | D        | Found a glowing golden altar of the Shining One.
   505 | D        | Found a white marble altar of Elyvilon.
   505 | D        | Noticed a deep elf mage
   509 | D        | Noticed a demonic crawler
   511 | D        | Killed a deep elf mage
   511 | D        | Reached * piety under Dithmenos
   511 | D        | Reached skill level 10 in Stealth
   511 | D        | Reached XP level 7. HP: 17/36 MP: 8/19
   671 | D        | Found an iron altar of Okawaru.
   672 | D        | Found a bloodstained altar of Trog.
   672 | D        | Noticed a human
   672 | D        | Noticed a human
   676 | D        | Killed a human
   676 | D        | Reached skill level 11 in Stealth
   688 | D        | Killed a human
   688 | D        | Reached skill level 10 in Dodging
   688 | D        | Reached XP level 8. HP: 41/42 MP: 5/21
   692 | D        | Learned a level 2 spell: Slow
   695 | D        | Learned a level 2 spell: Repel Missiles
   782 | D        | Found a snail-covered altar of Cheibriados.
   783 | D        | Found a basalt altar of Yredelemnul.
   783 | D        | Found a blossoming altar of Fedhas.
   784 | D        | Reached ** piety under Dithmenos
   804 | D        | Noticed Josephine
   806 | D        | Killed Josephine
   806 | D        | Reached skill level 12 in Stealth
   806 | D        | Reached XP level 9. HP: 45/45 MP: 21/23
   811 | D        | Learned a level 3 spell: Mephitic Cloud
   844 | D        | Noticed a centaur warrior
   849 | D        | Reached skill level 5 in Translocations
   853 | D        | Killed a centaur warrior
   853 | D        | Reached *** piety under Dithmenos
   853 | D        | Reached skill level 10 in Spellcasting
   853 | D        | Reached skill level 5 in Charms
   909 | D        | Learned a level 2 spell: Call Imp
   916 | D        | Noticed an unseen horror
   916 | D        | Noticed an unseen horror
   917 | D        | Killed an unseen horror
   917 | D        | Reached skill level 13 in Stealth
   919 | D        | Killed an unseen horror
   919 | D        | Reached skill level 1 in Summonings
   919 | D        | Reached XP level 10. HP: 51/51 MP: 25/25
   952 | D        | Reached **** piety under Dithmenos
   959 | D        | Reached skill level 5 in Fighting
  1119 | D        | Reached ***** piety under Dithmenos
  1268 | D        | Reached ****** piety under Dithmenos
  1282 | D        | Reached skill level 5 in Armour
  1456 | D        | Reached skill level 10 in Short Blades
  1456 | D        | Reached skill level 14 in Stealth
  1624 | D        | Noticed a spiny frog
  1624 | D        | Noticed a spiny frog
  1627 | D        | Killed a spiny frog
  1627 | D        | Reached skill level 5 in Ice Magic
  1637 | D        | Killed a spiny frog
  1823 | D        | Noticed a lindwurm
  1826 | D        | Killed a lindwurm
  1826 | D        | Reached XP level 11. HP: 56/56 MP: 27/27
  1836 | D        | Noticed Maud
  1851 | D        | Killed Maud
  1851 | D        | Reached skill level 15 in Stealth
  1851 | D        | Reached skill level 5 in Conjurations
  1988 | D        | Noticed a seven-headed hydra
  1988 | D        | Noticed a five-headed hydra
  2003 | D        | Killed a five-headed hydra
  2011 | D        | Killed a seven-headed hydra
  2011 | D        | Reached skill level 5 in Air Magic
  2020 | D        | Noticed a death drake
  2022 | D        | Killed a death drake
  2095 | D        | Found a blossoming altar of Fedhas.
  2095 | D        | Noticed a spriggan druid
  2097 | D        | Killed a spriggan druid
  2097 | D        | Reached skill level 5 in Poison Magic
  2130 | D        | Noticed an anaconda
  2133 | D        | Killed an anaconda
  2138 | D        | Reached skill level 15 in Dodging
  2138 | D        | Reached skill level 16 in Stealth
  2250 | D        | Noticed an anaconda
  2250 | D        | Noticed an anaconda
  2252 | D        | Killed an anaconda
  2252 | D        | Reached skill level 10 in Hexes
  2253 | D        | Killed an anaconda
  2257 | D        | Reached XP level 12. HP: 62/62 MP: 30/30
  2268 | D        | Noticed a naga warrior
  2268 | D        | Noticed a greater naga
  2268 | D        | Found Veiprism's Book Shop.
  2268 | D        | Found Pekon's Food Shoppe.
  2293 | D        | Killed a greater naga
  2461 | D        | Found Fyrid's Antique Weapon Boutique.
  2462 | D        | Killed a naga warrior
  2478 | D        | Got a serpentine rune of Zot
  2666 | D        | Reached skill level 10 in Charms
  2726 | D        | Noticed Rupert
  2731 | D        | Killed Rupert
  2731 | D        | Reached skill level 17 in Stealth
  2731 | D        | Reached skill level 10 in Translocations
  2756 | D        | Noticed a death yak
  2757 | D        | Noticed a death yak
  2758 | D        | Killed a death yak
  2759 | D        | Noticed an azure jelly
  2759 | D        | Noticed a death yak
  2759 | D        | Noticed an azure jelly
  2759 | D        | Noticed a death yak
  2761 | D        | Killed a death yak
  2761 | D        | Reached skill level 5 in Summonings
  2763 | D        | Killed a death yak
  2765 | D        | Killed a death yak
  2800 | D        | Noticed Polyphemus
  2801 | D        | Noticed Ilsuiw
  2802 | D        | Killed Polyphemus
  2808 | D        | Killed Ilsuiw
  2808 | D        | Reached skill level 18 in Stealth
  2808 | D        | Reached XP level 13. HP: 67/67 MP: 22/32
  2816 | D        | Found Nuicozu's Gadget Shoppe.
  2816 | D        | Found Poemnam's Magic Scroll Boutique.
  2816 | D        | Found Asongeo's Antique Armour Emporium.
  2816 | D        | Noticed a merfolk javelineer
  2842 | D        | Killed a merfolk javelineer
  2855 | D        | Got a barnacled rune of Zot
  2872 | D        | Bought a glowing robe for 12 gold pieces
  2953 | D        | Noticed an azure jelly
  2953 | D        | Noticed an azure jelly
  2954 | D        | Noticed a dire elephant
  2954 | D        | Noticed a dire elephant
  2954 | D        | Noticed Gastronok
  2956 | D        | Killed Gastronok
  2956 | D        | Reached skill level 15 in Spellcasting
  2957 | D        | Killed a dire elephant
  2959 | D        | Killed a dire elephant
  2978 | D        | Gained mutation: You possess an exceptional clarity of mind. [potion of mutation]
  2978 | D        | Gained mutation: You are dopey. (Int -2) [potion of mutation]
  3071 | D        | Found Oseiben's Jewellery Boutique.
  3363 | D        | Bought the ring of the Moon {*Drain rC+ MP+9 Dex+5} for 505 gold pieces
  3363 | D        | Bought an uncursed ring of flight for 227 gold pieces
  3363 | D        | Bought an uncursed ring of wizardry for 390 gold pieces
  3498 | D        | Bought a book of Ice for 650 gold pieces
  3500 | D        | Bought a bone short sword for 216 gold pieces
  3500 | D        | Lost strength.
  3500 | D        | Identified the +8 short sword "Foadd" {antimagic, *Confuse +Blink Str-4 SInv} (You bought it in a shop in the Dungeon)
  3520 | D        | Learned a level 6 spell: Bolt of Cold
  3527 | D        | Learned a level 6 spell: Freezing Cloud
  3667 | D        | Bought a scroll of identify for 24 gold pieces
  3667 | D        | Bought a scroll of blinking for 90 gold pieces
  3667 | D        | Bought a scroll of enchant armour for 90 gold pieces
  3667 | D        | Bought a scroll of acquirement for 624 gold pieces
  3667 | D        | Bought a scroll of identify for 24 gold pieces
  3822 | D        | Noticed a deep elf demonologist
  3834 | D        | Reached skill level 19 in Stealth
  3963 | D        | Noticed a deep elf demonologist
  3969 | D        | Killed a deep elf demonologist
  3974 | D        | Noticed a deep elf annihilator
  4096 | D        | Drew Focus: Int increased to 20, Str decreased to 3
  4270 | D        | Noticed a Brimstone Fiend
  4567 | D        | Noticed a deep elf master archer
  4573 | D        | Killed a deep elf master archer
  4694 | D        | Noticed a cacodemon
  4850 | D        | Killed a deep elf demonologist
  5188 | D        | Killed from afar by a deep elf high priest

Vault maps used:
D:        dungeon_sprint_mu

Skill      XL: |  1  2  3  4  5  6  7  8  9 10 11 12 13 |
---------------+----------------------------------------+-----
Fighting       | 1 2 3 4 5 6 7 8 |  8.0
Short Blades   | 2 4 5 7 8 9 10 12 13 14 | 14.5
Armour         | 1 2 3 4 5 6 7 |  7.5
Dodging        | 4 5 7 9 10 11 12 13 15 17 18 | 18.2
Stealth        | 5 7 8 9 10 11 12 13 14 16 18 19 | 19.5
Spellcasting   | 4 5 6 8 9 10 11 13 14 15 | 15.8
Hexes          | 4 5 6 7 8 9 10 11 | 11.8
Conjurations   | 1 2 3 4 5 6 7 |  7.0
Ice Magic      | 1 2 3 4 5 6 7 |  7.7
Invocations    | 2 3 |  3.6
Charms         | 2 3 4 6 7 9 10 12 | 12.1
Translocations | 2 3 4 6 7 9 11 12 | 12.1
Air Magic      | 2 3 4 5 6 7 |  7.6
Poison Magic   | 2 4 5 6 7 |  7.9
Summonings     | 1 2 4 5 6 |  6.4

Action                   |  1- 3 |  4- 6 |  7- 9 | 10-12 | 13-15 || total
-------------------------+-------+-------+-------+-------+-------++-------
Melee: Dagger            |    22 |    19 |    23 |   129 |    28 ||   221
       Quick blade       |       |       |       |       |    10 ||    10
 Cast: Ensorcelled Hiber |     2 |     1 |     2 |    69 |    11 ||    85
       Dazzling Spray    |     1 |     7 |     3 |    15 |    61 ||    87
       Confuse           |     1 |     1 |     3 |     3 |       ||     8
       Tukima's Dance    |       |     1 |       |     4 |     1 ||     6
       Mephitic Cloud    |       |       |     1 |       |       ||     1
       Shroud of Golubri |       |       |       |     2 |       ||     2
       Apportation       |       |       |       |     1 |    26 ||    27
       Repel Missiles    |       |       |       |     1 |       ||     1
Invok: Shadow Step       |       |       |       |    14 |     3 ||    17
Evoke: Deck              |       |       |       |       |     1 ||     1
  Use: Scroll            |     3 |       |       |       |     5 ||     8
       Potion            |     2 |       |       |       |     1 ||     3
 Stab: Sleeping          |     5 |     4 |     7 |    83 |    15 ||   114
       Invisible         |       |     1 |     2 |     3 |     6 ||    12
       Confused          |       |       |     4 |     2 |       ||     6
  Eat: Bread ration      |       |       |       |     1 |       ||     1
Armor: Robe              |     4 |     2 |       |     2 |     2 ||    10
Dodge: Dodged            |    10 |     8 |    10 |   109 |    45 ||   182
       Deflected         |       |       |       |       |     2 ||     2
